[Event "Late-Titled-Tuesday-Blitz-March-12-2024"]
[Site "Chess.com"]
[Date "2024.03.12"]
[Round "7"]
[White "KuzubovYuriy"]
[Black "DenLaz"]
[Result "0-1"]
[WhiteElo "2910"]
[BlackElo "3058"]
[TimeControl "180+1"]
[EndTime "15:18:04 PDT"]
[Termination "DenLaz won by resignation"]

1. d4 Nf6 2. Nf3 d5 3. c4 e6 4. Nc3 Be7 5. cxd5 exd5 6. Bf4 c6 7. e3 Nh5 8. Qc2 Nxf4 9. exf4 Bd6 10. g3 Bg4 11. Ne5 Qe7 12. Be2 Bxe2 13. Nxe2 O-O 14. O-O f6 15. Ng4 Nd7 16. Ne3 Qf7 17. Rad1 Rfe8 18.
Kg2 Bf8 19. Nc1 Nb6 20. Nd3 Nc4 21. Nf5 Qg6 22. Nh4 Qe4+ 23. Nf3 Qe2 24. Qxe2 Rxe2 25. Rfe1 Rxe1 26. Nfxe1 Kf7 27. Nc2 a5 28. f3 Be7 29.
Kf2 Bd8 30. b3 Nd6 31. g4 Bb6 32. a4 g6 33. h3 Ne8 34. Rb1 Bd8 35. Nc1 Bc7 36.
Ke3 Ng7 37. Ne2 Ne6 38. b4 axb4 39. Rxb4 b6 40. Kd3 Ra7 41. f5 gxf5 42. gxf5 Ng7 43. Ne3 Nh5 44. h4 Ke7 45. Nd1 Kd7 46. Ne3 Ra6 47.
Ng4 Bd8 48. Ke3 Kc7 49. Nc3 Ng7 50. Nh6 Ne8 51. Rb1 Be7 52. Rg1 Bf8 53. Ng8 Bb4 54.
Ne2 Rxa4 55. Nf4 Ra3+ 56. Kf2 Ra2+ 57. Kg3 Bd6 58. Kg4 Bxf4 59. Kxf4 Ra4 60. Re1 Rxd4+ 61. Kg3 Nd6 62. Re7+ Kd8 63. Rxh7 Nxf5+ 64. Kh3 b5 65. Nxf6 b4 66. h5 Kc8 67. Rf7 b3 68. Ng4 b2 69.
Rxf5 b1=Q 70. h6 Qh1+ 71. Kg3 Rxg4+ 72. fxg4 Qxh6 0-1

[Event "Late-Titled-Tuesday-Blitz-March-12-2024"]
[Site "Chess.com"]
[Date "2024.03.12"]
[Round "7"]
[White "Caisachess"]
[Black "Yeritsyaan"]
[Result "1/2-1/2"]
[WhiteElo "2395"]
[BlackElo "2644"]
[TimeControl "180+1"]
[EndTime "15:18:04 PDT"]
[Termination "Game drawn by repetition"]

1. e4 g6 2. d4 Bg7 3. Nc3 c6 4. Be3 d5 5. exd5 cxd5 6. Nf3 Nc6 7. Ne2 Bg4 8. Ng3 e6 9. c3 Nge7 10. h3 Bxf3 11. Qxf3 Nf5 12. Bd2 Nxg3 13. Qxg3 O-O 14. Bd3 a6 15. O-O b5 16. b3 Rc8 17. Be3 Qc7 18. Qh4 Ne7 19. Rac1 Nf5 20. Bxf5 exf5 21. Bh6 Qd8 22. Qf4 Re8 23. Bxg7 Kxg7 24. Qf3 Re4 25. Qd3 Qe7 26. c4 dxc4 27. bxc4 bxc4 28. Rxc4 Rxc4 29. Qxc4 Qe6 30. Qc3 Qd5 31. Rd1 h5 32. Qc5 Qxc5 33. dxc5 Rc4 34. Rd6 a5 35. c6 Kf8 36. Rd8+ Ke7 37. Ra8 Rxc6 38. Rxa5 Rc1+ 39. Kh2 Rc2 40. Kg1 h4 41. a4 Rc1+ 42. Kh2 Rf1 43. f3 Kf6 44. Ra7 Ra1 45. Ra6+ Kg5 46. Ra7 f6 47. Ra6 Ra2 48. Kg1 Kf4 49. Rxf6 g5 50. Rg6 Rxa4 51. Kf2 Ra2+ 52. Kf1 Ke3 53. Re6+ Kf4 54. Rg6 Rb2 55. Rg8 Rb7 56. Rg6 Rh7 57. Kf2 Rh8 58.
Rc6 Rd8 59. Rc4+ Ke5 60. Rc5+ Ke6 61. Rc6+ Kf7 62. Rc7+ Kg6 63. Rc6+ Kh5 64. Rc2 Rd5 65. Rb2 Kg6 66. Rb6+ Kf7 67. Rb7+ Kf6 68. Rb6+ Ke5 69. Rb2 Rd4 70. Rb5+ Kf4 71. Rb2 Rc4 72. Ra2 Rb4 73.
Rc2 Ra4 74. Rb2 Rd4 75. Rc2 g4 76. fxg4 fxg4 77. hxg4 Kxg4 78. Ra2 Rf4+ 79. Kg1 Rc4 80. Kf2 Kf4 81. Rb2 Ra4 82. Re2 Ra3 83. Rd2 Ke4 84. Re2+ Kf5 85. Rb2 Ra4 86. Rb5+ Kg4 87. Rb2 Rf4+ 88.
Kg1 Kg3 89. Rb3+ Kg4 90. Rb2 Rd4 91. Kh2 Rc4 92. Rd2 Rb4 93. Rc2 Ra4 94. Rd2 Ra3 95.
Rc2 Ra4 96. Rd2 Rb4 97. Rc2 Ra4 1/2-1/2

[Event "Late-Titled-Tuesday-Blitz-March-12-2024"]
[Site "Chess.com"]
[Date "2024.03.12"]
[Round "7"]
[White "Aram7Adam"]
[Black "Shahdad2007"]
[Result "0-1"]
[WhiteElo "2440"]
[BlackElo "2579"]
[TimeControl "180+1"]
[EndTime "15:18:08 PDT"]
[Termination "Shahdad2007 won by resignation"]

1. e4 c5 2. Ne2 Nc6 3. g3 g6 4. Bg2 Bg7 5. c3 e5 6. d3 Nge7 7. O-O O-O 8. Be3 b6 9. d4 cxd4 10. cxd4 exd4 11. Nxd4 Bb7 12. Nc3 Ne5 13. Qe2 Qc8 14.
Rac1 Qc4 15. Nd5 Bxd5 16. Rxc4 Bxc4 17. Qd2 Bxf1 18. Kxf1 Nc4 19. Qe2 Nxe3+ 20. Qxe3 Rac8 21. Bf3 Rfe8 22. Qd2 Nc6 23. Nb5 Ne5 24. Kg2 Re7 25. Be2 a6 26. Nc3 b5 27. Nd5 Re6 28. b3 d6 29. f4 Nc6 30. Bg4 Nd4 31. Kh3 f5 32. exf5 gxf5 33. Bd1 Kf7 34. Bh5+ Kf8 35. Bd1 Rc5 36.
Ne3 a5 37. Ng2 b4 38. Ne3 Rc3 39. Nc4 Rh6+ 40. Kg2 Ke7 41. Qe1+ Re6 42. Qd2 d5 43. Ne5 Bxe5 44. fxe5 Nc6 45. Qxd5 Rxe5 46. Qg8 Rd3 47. Qxh7+ Kd6 48. Bh5 Rd2+ 49. Kh3 Nd4 50. Qg6+ Kd5 51. Qg8+ Ke4 52. Qa8+ Ke3 53. Qb8 Rd5 54. Qf4+ Kd3 55.
Bf3 Rc5 56. Bh5 Rdc2 57. Bg6 Kc3 58. Kh4 Rd2 59. Kg5 Ne6+ 60. Kf6 Nxf4 61. gxf4 Rxh2 62. Bxf5 Rxa2 63. Be6 Rf2 64. f5 Rfxf5+ 65. Bxf5 Rxf5+ 66. Kxf5 Kxb3 67. Ke4 a4 68. Kd3 a3 69. Kd2 a2 70. Kc1 a1=Q+ 71. Kd2 Qc3+ 0-1

[Event "Late-Titled-Tuesday-Blitz-March-12-2024"]
[Site "Chess.com"]
[Date "2024.03.12"]
[Round "7"]
[White "SpeedofLight0"]
[Black "Vladimir_Zakhartsov"]
[Result "1/2-1/2"]
[WhiteElo "3084"]
[BlackElo "2937"]
[TimeControl "180+1"]
[EndTime "15:18:09 PDT"]
[Termination "Game drawn by repetition"]

1. d4 Nf6 2. Nc3 d5 3. Bf4 a6 4. e3 b5 5. Bd3 e6 6. Nf3 c5 7. dxc5 Bxc5 8. O-O Bb7 9. a4 b4 10. Ne2 O-O 11. Ned4 Nbd7 12. Rc1 Qe7 13. Nb3 Bd6 14. Na5 Nc5 15. Bxd6 Qxd6 16. Nxb7 Nxb7 17. c4 bxc3 18. Rxc3 Nc5 19. Bc2 Rab8 20. Qd4 Ncd7 21. b3 e5 22. Qd2 Rfc8 23. Rc1 g6 24. h3 Kg7 25. Bb1 Rxc3 26. Qxc3 Qb4 27. Qxb4 Rxb4 28. Rc3 d4 29. exd4 exd4 30. Rd3 Nc5 31. Rxd4 Rxb3 32. Bc2 Rc3 33. Bd1 Rc1 34. Kh2 Nfe4 35. Ne5 Nxf2 36. Bf3 Re1 37. Nd7 Nce4 38. Bxe4 Nxe4 39.
Nb8 h5 40. h4 Nf6 41. Nxa6 Re3 42. Kg1 Ng4 43. Kf1 Ra3 44. Nc5 Ra2 45. Rd3 Nh2+ 46. Kg1 Ng4 47. Kf1 Rf2+ 48. Kg1 Rc2 49. Nb3 Rb2 50.
Kf1 Nh2+ 51. Kg1 Ng4 52. Kf1 Ne5 53. Rc3 Ra2 54. a5 Ng4 55. g3 Kf6 56. Ke1 Ke5 57. Kd1 Nf2+ 58. Kc1 Ne4 59. Rd3 f5 60. Kb1 Ra4 61.
Kb2 f4 62. gxf4+ Kxf4 63. Rd1 Kg4 64. Rg1+ Kxh4 65. Rxg6 Kh3 66. a6 h4 67. Nc1 Nc5 68.
Ne2 Rxa6 69. Ng1+ Kh2 70. Nf3+ Kh3 71. Rg5 Ne4 72. Ng1+ Kh2 73. Nf3+ Kh3 74. Ng1+ Kh2 75. Nf3+ Kh3 1/2-1/2

[Event "Late-Titled-Tuesday-Blitz-March-12-2024"]
[Site "Chess.com"]
[Date "2024.03.12"]
[Round "7"]
[White "matagordo"]
[Black "sorch29"]
[Result "0-1"]
[WhiteElo "2298"]
[BlackElo "2452"]
[TimeControl "180+1"]
[EndTime "15:18:10 PDT"]
[Termination "sorch29 won on time"]

1. d4 Nf6 2. Bf4 g6 3. Nc3 d5 4.
e3 Bg7 5. h4 h5 6. Nf3 O-O 7. Qd2 c5 8. Nb5 Nc6 9. c3 cxd4 10. exd4 Bf5 11. Bd3 Bxd3 12. Qxd3 a6 13. Na3 b5 14. O-O b4 15. Nc2 bxc3 16. bxc3 Qa5 17.
Ne3 Rac8 18. c4 dxc4 19. Nxc4 Qf5 20. Qxf5 gxf5 21. Nb6 Rcd8 22. Bc7 Rde8 23. Rac1 Nb4 24. Be5 Rd8 25. a3 Nbd5 26. Nxd5 Nxd5 27. Bxg7 Kxg7 28.
Rc6 Ra8 29. Rb1 Ra7 30. Rc5 Rd8 31. Ne5 Rd6 32. Rb8 e6 33. Rcc8 Nf6 34. Nf3 Rdd7 35. Rb6 Rdc7 36. Rxc7 Rxc7 37. Rxa6 Ng4 38. Kf1 Rc1+ 39.
Ne1 Rc2 40. f3 Ne3+ 41. Kg1 Re2 42. Nd3 Rxg2+ 43. Kh1 Rd2 44. Nf4 Rxd4 45. Nxh5+ Kh6 46. Nf6 Rxh4+ 47. Kg1 Rc4 48. Kf2 Nc2 49. Ra7 Kg7 50. Ne8+ Kg6 51. Nd6 Rc3 52. Nxf7 Nd4 53. Ne5+ Kf6 54. f4 Rc2+ 55. Ke3 Re2+ 56. Kxd4 Re4+ 57. Kd3 Rxf4 58. Nd7+ Kg5 59. a4 Rb4 60. a5 Kf4 61.
a6 Ra4 62. Ra8 Ra3+ 63. Kc4 e5 64. Kd5 Ra1 65. a7 e4 66. Nf6 e3 0-1

[Event "Late-Titled-Tuesday-Blitz-March-12-2024"]
[Site "Chess.com"]
[Date "2024.03.12"]
[Round "7"]
[White "Kavyev_Ruslan"]
[Black "LeoWin2012"]
[Result "1-0"]
[WhiteElo "2496"]
[BlackElo "2198"]
[TimeControl "180+1"]
[EndTime "15:18:12 PDT"]
[Termination "Kavyev_Ruslan won by checkmate"]

1. d4 d6 2. Nf3 g6 3. g3 Bg7 4.
Bg2 Nf6 5. c4 O-O 6. O-O c6 7.
Nc3 Bf5 8. Nd2 Na6 9. e4 Bd7 10. b3 Nb4 11. Nf3 Ne8 12. a3 Na6 13. h3 c5 14. Be3 cxd4 15. Nxd4 Nec7 16. Rc1 Ne6 17. b4 Nxd4 18. Bxd4 Nc7 19. Nd5 Nxd5 20. exd5 a6 21. Bxg7 Kxg7 22. Qd4+ f6 23. Rfe1 Re8 24. c5 dxc5 25.
bxc5 Rc8 26. Qb4 Qc7 27. c6 bxc6 28. Rxe7+ Kg8 29. dxc6 Rxe7 30. Qxe7 Bf5 31. Bd5+ Kh8 32. Qxf6+ Qg7 33. Qxg7+ Kxg7 34. c7 Re8 35. Bb7 Bc8 36. Bxc8 Rxc8 37. Rc6 Kf7 38. Rxa6 Rxc7 39. Kg2 Kg7 40.
g4 Rc1 41. Kg3 g5 42. Kg2 Ra1 43. a4 Ra2 44. a5 Ra3 45. Ra8 Ra2 46. a6 Ra3 47. Ra7+ Kg6 48. Ra8 Kg7 49. Kh2 Ra2 50. Kg3 Ra3+ 51. f3 Kg6 52. Kf2 Kg7 53. Ke2 Ra2+ 54. Kd3 Rh2 55. a7 Ra2 56. Kc4 Ra3 57.
Kb4 Ra1 58. Kb5 h6 59. Kc6 Rc1+ 60. Kd5 Rd1+ 61. Ke4 Re1+ 62. Kf5 Ra1 63. Ke4 Ra4+ 64. Kd3 Ra3+ 65. Kc4 Ra1 66. Kb3 Rb1+ 67. Ka2 Rb6 68. Rg8+ Kxg8 69. a8=Q+ Kg7 70. Qe4 Ra6+ 71. Kb3 Rb6+ 72.
Kc3 Rf6 73. Kd3 Rd6+ 74. Ke3 Rf6 75. Kf2 Rf7 76. Kg3 Rf6 77. Qe5 Kg6 78. h4 gxh4+ 79.
Kxh4 Rxf3 80. Qe4+ Kg7 81. Qxf3 h5 82. Kxh5 Kg8 83.
Qg3 Kh8 84. g5 Kg7 85. g6 Kg8 86. Kg5 Kg7 87. Qh4 Kf8 88. Qh8+ Ke7 89. Qf6+ Kd7 90.
g7 Kc7 91. g8=Q Kd7 92. Qgg7+ Ke8 93. Qff8# 1-0

[Event "Late-Titled-Tuesday-Blitz-March-12-2024"]
[Site "Chess.com"]
[Date "2024.03.12"]
[Round "7"]
[White "TheAlienParty"]
[Black "RantomOpening"]
[Result "0-1"]
[WhiteElo "2399"]
[BlackElo "2584"]
[TimeControl "180+1"]
[EndTime "15:18:17 PDT"]
[Termination "RantomOpening won on time"]

1. e4 c5 2. Nc3 e6 3. g3 d5 4. exd5 exd5 5. Bg2 Nf6 6. d3 Nc6 7. Nge2 d4 8. Ne4 Nxe4 9. Bxe4 Bh3 10. Nf4 Bd7 11. O-O Bd6 12. Nd5 O-O 13. c3 Bh3 14. Re1 Qd7 15. c4 Bg4 16. Qa4 Rfe8 17. Bf4 Bxf4 18.
Nxf4 Bf5 19. Bg2 h6 20. Qb5 Ne5 21. Qxc5 Nxd3 22. Nxd3 Bxd3 23. Red1 Rac8 24. Qxa7 Bxc4 25. Rxd4 Qe6 26. h3 Ra8 27. Qxb7 Rxa2 28. Rxa2 Bxa2 29.
b4 Qe1+ 30. Bf1 Qc1 31. Re4 Rd8 32. Qa6 Be6 33. Kg2 Bd5 34. Qd3 Bxe4+ 35. Qxe4 Qb2 36. Bd3 Qd4 37. Qh7+ Kf8 38. b5 Qxd3 39. Qh8+ Ke7 40. Qxg7 Qxb5 41. Qxh6 Qd5+ 42. Kh2 Qf3 43. Qh4+ Qf6 44.
Qb4+ Ke8 45. Qb5+ Kf8 46. Qc5+ Kg7 47. h4 Rd2 48. Kg2 Rd6 49. h5 Rc6 50. Qe3 Qf5 51. h6+ Rxh6 52. Qd4+ Rf6 53. g4 Qf3+ 54. Kg1 Kg6 55. g5 Kxg5 56. Qe5+ Qf5 57. Qe8 Qg4+ 58. Kf1 Qd1+ 59. Kg2 Qd5+ 60. Kh2 Rh6+ 61. Kg3 Qd6+ 62. Kf3 Qf4+ 63. Ke2 Re6+ 64. Qxe6 fxe6 65. Kd3 Qxf2 66. Ke4 Qf5+ 67. Kd4 Kf6 68. Kc4 Ke7 69. Kd4 Kd6 70. Kc4 Qf4+ 0-1

[Event "Late-Titled-Tuesday-Blitz-March-12-2024"]
[Site "Chess.com"]
[Date "2024.03.12"]
[Round "7"]
[White "Zavgorodniy_Sergiy"]
[Black "KaydenTroffChess"]
[Result "0-1"]
[WhiteElo "2609"]
[BlackElo "2816"]
[TimeControl "180+1"]
[EndTime "15:18:24 PDT"]
[Termination "KaydenTroffChess won by checkmate"]

1. d4 Nf6 2. c4 g6 3. Nc3 d5 4. cxd5 Nxd5 5. e4 Nxc3 6. bxc3 Bg7 7. Nf3 c5 8. Be3 Qa5 9. Qd2 O-O 10. Rc1 Bg4 11.
d5 b5 12. Bxc5 Rc8 13. Bb4 Qc7 14. Nd4 a5 15. Ba3 Bd7 16. Be2 Na6 17. O-O Nc5 18.
f3 Be5 19. h3 Na4 20. f4 Bg7 21. Nxb5 Bxb5 22. c4 Be8 23. c5 Rab8 24. e5 Qa7 25. Qe3 Bb5 26. Kh2 Bxe2 27. Qxe2 Bf8 28. c6 Qd4 29.
Rc4 Nc3 30. Rxd4 Nxe2 31. Rc4 g5 32. g3 gxf4 33. gxf4 Bh6 34. Bxe7 Rb2 35. Rf2 Rd2 36. d6 f5 37. d7 Ra8 38. c7 Rxd7 39. c8=Q+ Rxc8 40.
Rxc8+ Kf7 41. Rxe2 Bxf4+ 42. Kg2 Kxe7 43. Ra8 Rd5 44. e6 Bc7 45. Ra7 Rc5 46. a4 Rc3 47.
h4 f4 48. Kf2 Ke8 49. Re4 Bb6+ 50. Ke2 Bxa7 51. Rxf4 Re3+ 52. Kd2 Rxe6 53. Rf5 Be3+ 54.
Kd3 Bb6 55. Kc4 Rh6 56. Kb5 Bd8 57. h5 Rb6+ 58. Kc5 Rb4 59. Kd6 Be7+ 60. Ke6 Rxa4 61. Rb5 Re4+ 62. Kf5 Rb4 63. Rxa5 Kf7 64. Ra7 Rh4 65.
h6 Rxh6 66. Kg4 Rh4+ 67. Kg3 Rb4 68. Rd7 h5 69. Rd5 Rb3+ 70. Kg2 Kg6 71. Re5 Bf6 72. Re2 Kg5 73. Rf2 Be5 74. Rf3 Rb2+ 75. Kg1 Kg4 76. Re3 Bd4 77. Kh1 Rb1+ 78. Kg2 Bxe3 79. Kh2 Rb2+ 80. Kh1 Bf4 81. Kg1 Kf3 82. Kh1 Rb1# 0-1

[Event "Late-Titled-Tuesday-Blitz-March-12-2024"]
[Site "Chess.com"]
[Date "2024.03.12"]
[Round "7"]
[White "SlavenPastar"]
[Black "Flaccidmoves"]
[Result "0-1"]
[WhiteElo "2556"]
[BlackElo "2430"]
[TimeControl "180+1"]
[EndTime "15:18:27 PDT"]
[Termination "Flaccidmoves won by resignation"]

1. b3 d5 2. Bb2 Bg4 3. h3 Bh5 4. g3 Bg6 5. Bg2 c6 6. Nf3 Nd7 7. d3 e6 8. Nbd2 Ngf6 9. O-O Bc5 10. Re1 O-O 11. a3 Re8 12. b4 Bb6 13. e4 dxe4 14.
dxe4 Qc7 15. e5 Nh5 16. c4 c5 17. b5 Ba5 18. Qb3 Rad8 19. Bc3 Bxc3 20. Qxc3 Nb6 21. Ne4 Bxe4 22. Rxe4 g6 23. Ree1 Qd7 24. Ng5 Qd2 25. Qxd2 Rxd2 26. Ne4 Rc2 27. g4 Nf4 28. Nf6+ Kf8 29.
Nxe8 Kxe8 30. Bf1 g5 31. a4 Nd7 32. a5 Nf8 33. Red1 N8g6 34. a6 b6 35. Re1 Nh4 36. Re3 Rd2 37. Raa3 Ke7 38. Ra1 h5 39. gxh5 Nxh5 40.
Re2 Rd4 41. Rc1 Nf4 42. Re3 Nf5 43. Ree1 Nh4 44. Red1 Nf3+ 45. Kh1 Rxd1 46. Rxd1 Nxe5 47. Bg2 Nxg2 48. Kxg2 Nxc4 49. h4 gxh4 50. Rh1 Nd6 51. Rxh4 Nxb5 52. Rh8 Kd6 53. Rb8 f5 54. Rb7 c4 55. Kf3 c3 56. Ke2 Kc5 57. Kd3 Kb4 58. Re7 Kb3 59. Rxe6 c2 60. Rc6 Na3 61. Kd2 Kb2 62. f4 b5 63. Rc3 Nc4+ 64. Kd3 c1=Q 65. Rxc1 Kxc1 66. Kc3 Kd1 67. Kb4 Nd6 68.
Kc5 Ke2 69. Kxd6 b4 70. Kc7 b3 71. Kb7 b2 72. Kxa7 b1=Q 73. Ka8 Qe4+ 74. Kb8 Qxf4+ 75.
Ka8 Qe4+ 76. Kb8 f4 77. a7 f3 78. a8=Q Qxa8+ 79. Kxa8 f2 80. Kb7 f1=Q 81. Kb6 Qf5 82. Ka6 Qc5 83. Kb7 Qd6 84. Ka8 Qd7 0-1

[Event "Late-Titled-Tuesday-Blitz-March-12-2024"]
[Site "Chess.com"]
[Date "2024.03.12"]
[Round "7"]
[White "wild3000"]
[Black "Goryachkina"]
[Result "0-1"]
[WhiteElo "2395"]
[BlackElo "2649"]
[TimeControl "180+1"]
[EndTime "15:18:29 PDT"]
[Termination "Goryachkina won by checkmate"]

1. a3 Nf6 2. d4 g6 3. Nf3 Bg7 4. e3 O-O 5. Be2 d6 6. O-O Nbd7 7. c4 e5 8. Nc3 e4 9. Nd2 Qe7 10. b4 h6 11. a4 g5 12. b5 Re8 13. Ba3 Nf8 14.
a5 Ng6 15. Qc2 Qe6 16. Nd5 Nxd5 17. cxd5 Qxd5 18. Qxc7 Nh4 19. Qxd6 Qf5 20. Qc5 Qg6 21. a6 bxa6 22. bxa6 Be6 23. Rfc1 g4 24. Qc7 h5 25. Qg3 Nf5 26. Qf4 Bd5 27. Bc4 Bh6 28. Qc7 Bxc4 29. Nxc4 Bg7 30. Nd6 Nxd6 31. Qxd6 Re6 32. Qd5 Rae8 33.
Bc5 h4 34. Bxa7 h3 35. Bc5 Rxa6 36. Rxa6 Qxa6 37. Qf5 Qe6 38. Qxe6 Rxe6 39. Kf1 Ra6 40. Rd1 Bf6 41. Bd6 Rxd6 42. Ke2 Kf8 43. gxh3 gxh3 44.
Rg1 Ra6 45. Rg3 Ra2+ 46. Kf1 Bh4 47. Rxh3 Bxf2 48. d5 Ke7 49. Rh5 Kd6 50. Rf5 Bxe3 51. h4 f6 52. Rxf6+ Kxd5 53. h5 Ke5 54. Rf8 Rh2 55.
Re8+ Kd4 56. Rd8+ Kc3 57. Rd5 Bd4 58. Rg5 Kd3 59. Rg3+ e3 60. h6 Rxh6 61. Kg2 Rf6 62. Rg8 Kd2 63. Rd8 Kc3 64. Rd7 Kd3 65. Rc7 e2 66. Rc1 Kd2 67. Ra1 e1=Q 68. Ra2+ Kd3 69. Ra3+ Bc3 70. Ra2 Qe4+ 71. Kg3 Rg6+ 72. Kh2 Qh4# 0-1

[Event "Late-Titled-Tuesday-Blitz-March-12-2024"]
[Site "Chess.com"]
[Date "2024.03.12"]
[Round "7"]
[White "bazar-wokzal"]
[Black "Alphafischer2019"]
[Result "0-1"]
[WhiteElo "2569"]
[BlackElo "2749"]
[TimeControl "180+1"]
[EndTime "15:18:40 PDT"]
[Termination "Alphafischer2019 won by resignation"]

1. e4 c5 2. c3 Nf6 3. e5 Nd5 4. d4 cxd4 5. cxd4 Nc6 6. Nc3 Nxc3 7. bxc3 d6 8. f4 e6 9. Nf3 g6 10. Bd3 Bg7 11. O-O O-O 12. Ba3 dxe5 13. Bxf8 exd4 14. Bxg7 Kxg7 15. cxd4 Nxd4 16. Nxd4 Qxd4+ 17. Kh1 b6 18. Qf3 Rb8 19. Rad1 Bb7 20. Qf2 Qa4 21. Kg1 Bd5 22.
Qb2+ Kg8 23. Rf2 Qxd1+ 24. Bf1 Rc8 25. h4 Qc1 26. Qf6 Qc3 27. Qxc3 Rxc3 28. a4 Kg7 29. Bb5 h5 30. Kh2 Bc6 31. Rb2 Bxb5 32. axb5 Rc4 33. g3 Kf6 34. Ra2 Rb4 35. Rxa7 Rxb5 36. Kg2 Rb2+ 37. Kf3 b5 38. Rb7 b4 39. Ke3 b3 40. Kf3 Rb1 41. Kg2 b2 42. Kh2 e5 43.
fxe5+ Kxe5 44. Kg2 f5 45. Rb4 Kd5 46. Kh2 Kc5 47. Rb8 Kd4 48. Kg2 Ke5 49. Rb4 f4 50.
gxf4+ Kf5 51. Kh2 Kg4 52. Kg2 Kf5 53. Kh2 Ke6 54. Kg2 Kf6 55. Rb5 Ke6 56. Kh2 Kd6 57. Kg2 Kc6 58. Rb8 Kd5 59. Rb4 Kc5 60. Rb8 Kd4 61. Kh2 Ke3 62. Rb4 Kf3 63. Rb8 Kxf4 64. Kg2 Kf5 65. Rb5+ Ke6 66. Rb6+ Kd5 67. Rb5+ Kc4 68.
Rb8 Kc3 69. Rc8+ Kd2 70. Rd8+ Ke1 71. Rb8 Ke2 72. Re8+ Kd3 73. Rd8+ Ke4 74. Rb8 Kf5 75.
Rb5+ Ke6 76. Rb6+ Kf7 77. Rb7+ Kf6 78. Rb6+ Ke5 79. Rb5+ Ke4 80. Rb4+ Kd3 81. Rb8 Rc1 82.
Rxb2 Rc2+ 83. Rxc2 Kxc2 84. Kf3 Kd3 85. Kf4 Ke2 86.
Kg5 Kf3 87. Kxg6 Kg4 88. Kf6 Kxh4 89. Kf5 Kg3 90. Ke4 h4 91. Ke3 h3 92. Ke2 h2 0-1

[Event "Late-Titled-Tuesday-Blitz-March-12-2024"]
[Site "Chess.com"]
[Date "2024.03.12"]
[Round "7"]
[White "Andrei_Skvortsov"]
[Black "betta2004"]
[Result "1-0"]
[WhiteElo "2748"]
[BlackElo "2566"]
[TimeControl "180+1"]
[EndTime "15:18:44 PDT"]
[Termination "Andrei_Skvortsov won by checkmate"]

1. c4 g6 2. g3 Bg7 3. Bg2 c5 4.
Nf3 Nc6 5. O-O d6 6. e3 e6 7. d4 cxd4 8. exd4 Nge7 9. Nc3 O-O 10. d5 Na5 11. Qe2 e5 12. Bd2 b6 13. b4 Nb7 14.
Rab1 h6 15. Ne1 f5 16. f4 e4 17. Nc2 Bd7 18. a4 Qc7 19. Na3 a6 20. Kh1 Rac8 21.
Rfc1 a5 22. Nab5 Qb8 23. Be3 axb4 24. Rxb4 Nc5 25. Rcb1 Nd3 26. R4b3 Nc5 27. Ra3 Kh7 28. Qa2 Nd3 29. Bf1 Rfe8 30. a5 bxa5 31. Rxa5 Bxb5 32. Nxb5 Nc5 33. h4 Qb6 34. Na7 Qc7 35. Nxc8 Nxc8 36. Ra8 Re7 37. Qa5 Qxa5 38. Rxa5 Rc7 39. Rb8 Nd3 40.
Raa8 Ne7 41. Re8 Bf6 42. Ra7 Rxa7 43. Bxa7 Kg7 44. Rb8 Kf7 45. Rb3 Ne1 46. Bb8 Nf3 47. Rb7 Nd2 48. Be2 Ke8 49. Bxd6 Nc8 50. Be5 Be7 51.
Rb8 Kd7 52. Rb7+ Ke8 53. Rc7 Nd6 54. Rc6 Kd7 55. c5 N6c4 56. Rxg6 Bxc5 57. Rg7+ Kc8 58. Rg8+ Kd7 59. Rg7+ Kd8 60. Rg6 Kd7 61. Rc6 Nxe5 62. fxe5 Bd4 63. e6+ Kd8 64. d6 Bf6 65. e7+ Kd7 66.
Rc7+ Kxd6 67. e8=Q Kxc7 68. Qf7+ Be7 69. Qxe7+ Kc6 70. Qh7 Kd5 71. Qxf5+ Kd4 72. Qd7+ Ke3 73. Bh5 Nf1 74. Qa7+ Kd2 75. Kg2 Ne3+ 76. Kh3 Nd1 77. Qd7+ Ke3 78. Qxd1 Kf2 79. Qe2+ Kg1 80. Qg2# 1-0

[Event "Late-Titled-Tuesday-Blitz-March-12-2024"]
[Site "Chess.com"]
[Date "2024.03.12"]
[Round "7"]
[White "ketster"]
[Black "buenamor1972"]
[Result "0-1"]
[WhiteElo "2551"]
[BlackElo "2392"]
[TimeControl "180+1"]
[EndTime "15:18:46 PDT"]
[Termination "buenamor1972 won by checkmate"]

1. Nf3 Nf6 2. c4 e6 3. b3 b6 4. Bb2 Bb7 5. g3 Be7 6. Bg2 c5 7. O-O O-O 8. d4 cxd4 9. Qxd4 d6 10. Nc3 a6 11. Rfd1 Nbd7 12. Rac1 Qc7 13. h3 Rac8 14. g4 h6 15. Qf4 Ne5 16. Nxe5 dxe5 17. Qg3 Bxg2 18.
Qxg2 Rfd8 19. Ne4 Ne8 20. g5 hxg5 21. Nxg5 Rxd1+ 22. Rxd1 Rd8 23. Rxd8 Qxd8 24. Nf3 Qd1+ 25. Qf1 Qxf1+ 26. Kxf1 f6 27. e3 Kf7 28. Ke2 Nc7 29. a3 b5 30. Nd2 bxc4 31. bxc4 Ke8 32. Nb3 Kd7 33. Kd3 Kc6 34. a4 Bb4 35. Bc3 Bc5 36.
Ba5 Ne8 37. Kc3 f5 38. Bb4 Bb6 39. c5 Bc7 40. Kc4 Nf6 41. f3 Nd5 42. Bd2 Nf6 43. Bc1 Nd5 44. Bd2 Nf6 45. Nc1 Nd7 46. Nd3 a5 47. e4 g6 48. Bg5 Bb8 49. Be7 Bc7 50. Nc1 Bb8 51. Nb3 Bc7 52. h4 Nb8 53. Bf8 Na6 54. Be7 Nb4 55. Bf8 Nc2 56. Be7 Ne3+ 57.
Kd3 Ng2 58. Kc4 Ne1 59. Bf6 Nxf3 60. exf5 exf5 61. Be7 f4 62. Bf6 Bb8 63. Nc1 Bc7 64. Nd3 e4 65. Nc1 Be5 66. Nb3 Bxf6 67. Nxa5+ Kc7 68. Nb3 e3 69. Kd3 Ne5+ 70. Ke2 Nd7 71. Kf3 Be5 72. Nc1 Nxc5 73. a5 Bb2 74. Ne2 Be5 75. Nc1 Kb7 76. Ne2 Ka6 77. Ng1 Kxa5 78. Nh3 Kb4 79. Ng5 Kc3 80. Nf7 Bb8 81. Nh8 Kd2 82. Nxg6 e2 83. h5 e1=Q 84. h6 Qe2# 0-1

[Event "Late-Titled-Tuesday-Blitz-March-12-2024"]
[Site "Chess.com"]
[Date "2024.03.12"]
[Round "7"]
[White "Vesapesa"]
[Black "Inepton_Fermion"]
[Result "1/2-1/2"]
[WhiteElo "2208"]
[BlackElo "2454"]
[TimeControl "180+1"]
[EndTime "15:18:49 PDT"]
[Termination "Game drawn by repetition"]

1. e4 c5 2. Nf3 e6 3. c4 Nc6 4. Nc3 d6 5. d4 cxd4 6. Nxd4 Nf6 7. Be2 Be7 8. O-O O-O 9. Be3 a6 10. Rc1 Bd7 11. f4 Nxd4 12. Bxd4 Bc6 13. Bf3 Qa5 14. Qe2 Nd7 15. f5 Bf6 16. Bxf6 Nxf6 17. fxe6 fxe6 18. Bg4 Qe5 19. Rce1 Rae8 20. Bf3 b5 21. cxb5 axb5 22. Qe3 b4 23. Nd1 Ra8 24. a3 bxa3 25. bxa3 Ra4 26.
Nf2 Bb5 27. Be2 Rfa8 28. Bxb5 Qxb5 29. Ra1 Qe5 30. Rfe1 h6 31. h3 Kh7 32. Qd3 Qc5 33. Re3 Qe5 34. Ree1 Kh8 35. Kh1 Qb2 36. Qe2 Qxe2 37.
Rxe2 Rxa3 38. Rxa3 Rxa3 39. Rd2 Ra6 40. Kh2 Kg8 41. Kg3 Kf7 42. Kf4 e5+ 43. Ke3 Ra3+ 44.
Nd3 Ke6 45. Rc2 d5 46. Rc6+ Kd7 47. exd5 Nxd5+ 48. Ke4 Kxc6 49. Nxe5+ Kd6 50. Nc4+ Ke6 51. Nxa3 Nf6+ 52. Kf3 Kf5 53. g4+ Kg5 54. Nc2 Kh4 55.
Kg2 Ne4 56. Ne1 Kg5 57. Nf3+ Kf4 58. Nh4 Ke5 59. Nf5 Kf6 60. Ne3 Ng5 61. h4 Ne6 62. Kf3 Kf7 63. Nf5 Nf8 64. Nd6+ Kg6 65. Nf5 Nd7 66. Ke4 Nf6+ 67. Kf4 Nd5+ 68. Ke4 Nf6+ 69.
Kf4 Nh7 70. Ne7+ Kf6 71. Nd5+ Kf7 72. Ne3 Nf8 73. Nf5 Ng6+ 74. Kg3 Ne5 75. Kf4 Nd7 76. Nd4 Nf6 77. Nf3 Nh7 78. g5 h5 79. Ne5+ Ke6 80.
Ng6 Kf7 81. Ne5+ Ke6 82. Nf3 Nf8 83. Nd4+ Kf7 84. Nf5 Ng6+ 85. Kg3 Ne5 86. Kf4 Ng6+ 87. Ke4 Nf8 88. Kf4 Ng6+ 1/2-1/2

[Event "Late-Titled-Tuesday-Blitz-March-12-2024"]
[Site "Chess.com"]
[Date "2024.03.12"]
[Round "7"]
[White "ExchangeAB"]
[Black "AlexPapasimakopoulos"]
[Result "0-1"]
[WhiteElo "2494"]
[BlackElo "2688"]
[TimeControl "180+1"]
[EndTime "15:19:09 PDT"]
[Termination "AlexPapasimakopoulos won on time"]

1. d4 e6 2. Nf3 Nf6 3. e3 c5 4. c3 b6 5. Nbd2 Bb7 6. Bd3 d5 7.
O-O Bd6 8. Qe2 Nbd7 9. e4 dxe4 10. Nxe4 Nxe4 11. Bxe4 Bxe4 12. Qxe4 O-O 13. Bg5 Be7 14.
Bxe7 Qxe7 15. Rad1 cxd4 16. Rxd4 Nf6 17. Qd3 Rac8 18.
Rd1 h6 19. h3 Rfe8 20. Ne5 Qc5 21. Nd7 Nxd7 22. Rxd7 a5 23. Qf3 Rf8 24. Qe3 Qxe3 25. fxe3 Rc6 26. Rb7 g5 27. Rdd7 h5 28. Kf2 Kg7 29.
Kf3 Kg6 30. g4 hxg4+ 31. hxg4 Kf6 32. Rdc7 Rxc7 33. Rxc7 Rb8 34. c4 b5 35. c5 b4 36. b3 a4 37. Ke4 Rd8 38. Rb7 Rd5 39.
c6 Rc5 40. c7 axb3 41. axb3 Rc3 42. Kd4 Kg6 43. e4 f6 44. e5 f5 45. gxf5+ Kxf5 46. Rxb4 Rxc7 47. Rc4 Rd7+ 48. Ke3 Kxe5 49. Rc5+ Rd5 50. Rc8 Rb5 51. Rc3 Kf5 52. Kf3 e5 53. Ke3 Rb4 54. Kf3 Rh4 55. Kg3 Rg4+ 56. Kf3 Rg1 57.
Rc8 g4+ 58. Kf2 Rb1 59. Rf8+ Ke4 60. Rb8 Kf4 61. Rf8+ Ke4 62. Rb8 Rh1 63. Kg3 Rg1+ 64. Kf2 Rd1 65. Kg3 Ke3 66. Kxg4 e4 67. b4 Kf2 68. b5 e3 69. b6 e2 70. Rf8+ Kg2 71.
b7 e1=Q 72. b8=Q Qe2+ 73. Kg5 Rd5+ 74. Kg6 Qe6+ 75. Rf6 Qg4+ 76. Kf7 Rd7+ 77. Ke8 Qg8+ 78. Kxd7 Qxb8 79. Ke6 Kg3 80. Kf7 Kg4 81. Kg7 Qe8 82. Rg6+ Kf5 83. Rf6+ Kg5 84. Rf7 Qd8 85. Rf8 Qe7+ 86.
Rf7 Qe5+ 87. Kf8 Qd6+ 88. Kg8 Kg6 89. Rf8 Qe7 0-1